 Dungeon Crawl Stone Soup version 0.19.1 (webtiles) character file.

1073 Malachi the Chopper (level 8, -5/111 HPs)
             Began as a Naga Berserker on Dec 14, 2016.
             Was a Priest of Trog.
             Slain by an ogre
             ... wielding a +0 giant spiked club
              (18 damage)
             ... on level 5 of the Dungeon.
             The game lasted 00:07:57 (5588 turns).

Malachi the Chopper (Naga Berserker)                Turns: 5588, Time: 00:07:57

Health: -5/111     AC:  9    Str: 32    XL:     8   Next: 28%
Magic:  8/8        EV:  7    Int:  7    God:    Trog [***...]
Gold:   117        SH:  0    Dex: 12    Spells: 0 memorised, 7 levels left

rFire  . . .     SeeInvis +     A - +0 battleaxe
rCold  . . .     Gourm    .     z - +0 plate armour
rNeg   . . .     Faith    .     (shield currently unavailable)
rPois  +         Spirit   .     (no helmet)
rElec  .         Reflect  .     (no cloak)
rCorr  .         Harm     .     (no gloves)
MR     +....                    (no barding)
Stlth  ..........               (no amulet)
                                t - ring of stealth
                                m - +6 ring of strength

@: berserking, quick
A: see invisible, deformed body, poison resistance, slowness 2, slow metabolism
1, spit poison 1, AC +2
a: Spit Poison, Berserk, Trog's Hand, Burn Spellbooks, Renounce Religion


You were on level 5 of the Dungeon.
You worshipped Trog.
Trog was most pleased with you.
You were very hungry.

You visited 1 branch of the dungeon, and saw 5 of its levels.

You collected 195 gold pieces.
You spent 78 gold pieces at shops.

Inventory:

Hand Weapons
 a - a +1 hand axe
 A - a +0 battleaxe (weapon)
Armour
 s - a +1 large shield
 z - a +0 plate armour (worn)
Jewellery
 m - a +6 ring of strength (left hand)
 t - a ring of stealth (right hand)
 x - an uncursed ring of flight
Wands
 f - a wand of acid (7/15)
 u - a wand of flame (29/48)
Scrolls
 b - 2 scrolls of fog
 e - a scroll of remove curse
 h - 2 scrolls of identify
 q - 3 scrolls of recharging
 w - 2 scrolls of amnesia
 y - a scroll of teleportation
Potions
 d - 2 potions of might
 g - a potion of cure mutation
 j - a potion of haste {unknown}
 k - a potion of berserk rage {unknown}
 n - 4 potions of ambrosia {unknown}
 p - 2 potions of heal wounds {unknown}
Comestibles
 c - 3 bread rations
 l - 3 beef jerkies
 r - 2 meat rations
 v - 6 fruits


   Skills:
 + Level 5.1 Fighting
 + Level 6.7 Axes
 + Level 3.4 Armour
 + Level 3.2 Dodging
 + Level 4.3 Stealth


You had 7 spell levels left.
You didn't know any spells.

Dungeon Overview and Level Annotations

Branches:
Dungeon (5/15)
 Temple: D:4-7

Altars:
Ashenzari
Dithmenos
Okawaru
Qazlal

Shops:
D:4 }   D:5 (


Innate Abilities, Weirdness & Mutations

You cannot wear boots.
Your serpentine skin is tough. (AC +2)
You have supernaturally acute eyesight. (SInv)
Armour fits poorly on your strangely shaped body.
Your system is resistant to poisons. (rPois)
You cover ground very slowly.
You have a slow metabolism.
You can spit poison.


Message History

You start resting.
An ogre comes into view. It is wielding a giant spiked club.
An ogre is nearby!
An ogre is nearby!
The ogre shouts!
The ogre hits you with a giant spiked club!!
You hit the ogre but do no damage.
The ogre hits you with a giant spiked club!!
* * * LOW HITPOINT WARNING * * *
You are too injured to fight recklessly!
You are too injured to fight recklessly!
Press: ? - help, Shift-Dir - straight line, f - ogre
Aim: an ogre, wielding a giant spiked club
Okay, then.
Unknown command.
A red film seems to cover your vision as you go berserk!
You feel yourself moving faster!
You feel mighty!
You are feeling very hungry.
The ogre hits you with a giant spiked club!!
You die...

## ..# .. #.# #.# ##.#
#####. #..# #..#
###...... ..#
#..####....# ##.#
#......@O# ##..#
####..#....##
#..####.(.....####
)..........####
#..#......## ###
8..∩..8.### #####.#
##...#..# #####.....#
...#....######.........#
.###...........#..######


You could see an ogre.

Vanquished Creatures
  Sigmund (D:2)
  Duvessa (D:4)
  An ogre (D:4)
  Dowan (D:4)
  A scorpion (D:4)
  A crimson imp (D:5)
  A howler monkey (D:5)
  A bullfrog skeleton (D:5)
  2 orc priests
  An orc wizard (D:3)
  Terence (D:3)
  3 iguanas
  3 worker ants (D:4)
  A killer bee zombie (D:5)
  2 worker ant zombies (D:5)
  4 gnolls (D:5)
  6 adders
  An ooze (D:5)
  An adder skeleton (D:4)
  5 worms
  4 leopard geckos
  13 orcs
  5 giant cockroaches
  9 goblins
  10 hobgoblins
  A quokka (D:3)
  2 ball pythons
  5 bats
  3 frilled lizards
  A jackal skeleton (D:5)
  5 kobolds
  A quokka skeleton (D:4)
  8 rats
105 creatures vanquished.

Vanquished Creatures (others)
  3 plants (D:4)
3 creatures vanquished.

Grand Total: 108 creatures vanquished

Notes
Turn   | Place    | Note
-------+----------+-------------------------------------------
     0 | D:1      | Malachi the Naga Berserker began the quest for the Orb.
     0 | D:1      | Reached XP level 1. HP: 21/21 MP: 1/1
   226 | D:1      | Reached XP level 2. HP: 16/28 MP: 2/2
   726 | D:1      | Reached XP level 3. HP: 22/34 MP: 3/3
   918 | D:1      | Reached ** piety under Trog
  1478 | D:2      | Noticed Sigmund
  1484 | D:2      | Killed Sigmund
  1484 | D:2      | Reached skill level 4 in Axes
  1484 | D:2      | Reached XP level 4. HP: 36/44 MP: 4/4
  1484 | D:2      | Reached XP level 5. HP: 42/50 MP: 5/5
  1559 | D:2      | Found an iron altar of Okawaru.
  2094 | D:2      | Reached XP level 6. HP: 57/57 MP: 6/6
  2622 | D:3      | Found a stormy altar of Qazlal.
  2910 | D:3      | Noticed Terence
  2924 | D:3      | Killed Terence
  2924 | D:3      | Reached skill level 5 in Axes
  3330 | D:3      | Found a shadowy altar of Dithmenos.
  3640 | D:4      | Gained mutation: You are dopey. (Int -2) [potion of mutation]
  3640 | D:4      | Gained mutation: You evolve. [potion of mutation]
  3640 | D:4      | Gained mutation: You occasionally shout uncontrollably at your foes. [potion of mutation]
  3641 | D:4      | Lost mutation: You evolve. [potion of mutation]
  3641 | D:4      | Gained mutation: You sometimes yell uncontrollably at your foes. [potion of mutation]
  3964 | D:4      | Reached XP level 7. HP: 48/66 MP: 7/7
  4156 | D:4      | Found Xasidouh's Gadget Shoppe.
  4160 | D:4      | Noticed Duvessa
  4160 | D:4      | Noticed Dowan
  4172 | D:4      | Killed Duvessa
  4181 | D:4      | Killed Dowan
  4254 | D:4      | Reached *** piety under Trog
  4759 | D:4      | Reached skill level 6 in Axes
  4900 | D:4      | Found a shattered altar of Ashenzari.
  4910 | D:4      | Lost mutation: You sometimes yell uncontrollably at your foes. [potion of cure mutation]
  4910 | D:4      | Lost mutation: You are dopey. (Int -2) [potion of cure mutation]
  4910 | D:4      | Lost mutation: You occasionally shout uncontrollably at your foes. [potion of cure mutation]
  4912 | D:5      | Entered Level 5 of the Dungeon
  4988 | D:5      | Reached XP level 8. HP: 73/73 MP: 8/8
  5028 | D:5      | Found Yffoth's Weapon Emporium.
  5043 | D:5      | Reached skill level 5 in Fighting
  5063 | D:5      | Bought a +0 battleaxe for 78 gold pieces
  5588 | D:5      | Slain by an ogre

Skill      XL: |  1  2  3  4  5  6  7  8 |
---------------+-------------------------+-----
Fighting       | 4 5 |  5.1
Axes           | 4 5 6 |  6.7
Dodging        | 2 3 |  3.2
Stealth        | 2 3 4 |  4.3
Armour         | 2 3 |  3.4

Action                   |  1- 3 |  4- 6 |  7- 9 || total
-------------------------+-------+-------+-------++-------
Melee: Hand axe          |    90 |   159 |   114 ||   363
       Battleaxe         |       |       |    59 ||    59
Invok: Berserk           |       |     2 |     5 ||     7
 Abil: Spit Poison       |     4 |     4 |     4 ||    12
  Use: Scroll            |       |    11 |     3 ||    14
       Potion            |       |     2 |     1 ||     3
 Stab: Sleeping          |     1 |     2 |       ||     3
       Distracted        |     1 |       |       ||     1
  Eat: Chunk             |     1 |     7 |     8 ||    16
       Beef jerky        |       |     1 |       ||     1
Armor: Animal skin       |    15 |    20 |       ||    35
       Chain mail        |       |    10 |    50 ||    60
       Plate armour      |       |       |    42 ||    42
Dodge: Dodged            |    48 |    83 |    67 ||   198
